 Dungeon Crawl Stone Soup version 0.17-a0-1582-ge6b0260 (webtiles) character file.

926 patman the Cleaver (level 7, -11/85 HPs)
             Began as a Minotaur Berserker on July 27, 2015.
             Was a Priest of Trog.
             Mangled by PooFace's ghost (14 damage)
             ... on level 7 of the Dungeon.
             The game lasted 00:05:23 (2013 turns).

patman the Cleaver (Minotaur Berserker)             Turns: 2013, Time: 00:05:23

Health: -11/85     AC:  8    Str: 27    XL:     7   Next: 85%
Magic:  15/15      EV:  9    Int:  4    God:    Trog [***...]
Gold:   196        SH:  0    Dex: 11    Spells: 0 memorised, 6 levels left

rFire  . . .     SeeInvis .     o - +1 hand axe (chop)
rCold  . . .     Clarity  .     a - +0 chain mail
rNeg   . . .     SustAt   .     (no shield)
rPois  .         Gourm    .     (helmet restricted)
rElec  .         Spirit   .     (no cloak)
rCorr  .         Warding  .     (no gloves)
rMut   .         Stasis   .     (no boots)
MR     .....                    (no amulet)
Stlth  ..........               (no ring)
                                v - ring of magical power

@: berserking, very quick, not resistant to hostile enchantments, extremely
unstealthy
A: retaliatory headbutt, horns 2
a: Burn Spellbooks, Berserk, Trog's Hand, Renounce Religion


You were on level 7 of the Dungeon.
You worshipped Trog.
Trog was most pleased with you.
You were not hungry.

You visited 1 branch of the dungeon, and saw 7 of its levels.

You collected 196 gold pieces.

Inventory:

Hand weapons
 h - a +0 spear
 o - a +1 hand axe of chopping (weapon)
 q - a +0 blowgun
Missiles
 p - 6 tomahawks (quivered)
 r - 18 poisoned needles
Armour
 a - a +0 chain mail (worn)
Jewellery
 s - an uncursed ring of ice
 v - a ring of magical power (left hand)
Scrolls
 b - a scroll of enchant weapon {unknown}
 e - a scroll of magic mapping
 f - 3 scrolls of recharging
 k - 3 scrolls of remove curse
Potions
 d - a potion of flight
 g - 2 potions of curing {unknown}
 i - a potion of cancellation {unknown}
 j - a potion of heal wounds
 l - a potion of ambrosia {unknown}
 m - a potion of resistance {unknown}
 n - 2 potions of mutation {unknown}
 t - a potion of brilliance {unknown}
 u - a potion of haste {unknown}
Comestibles
 c - 2 bread rations


   Skills:
 - Level 3.6 Fighting
 + Level 11.2 Axes
 - Level 2.4 Armour
 - Level 2.1 Dodging


You had 6 spell levels left.
You didn't know any spells.

Dungeon Overview and Level Annotations

Branches:
Dungeon (7/15)             Temple (0/1) D:6

Altars:
Okawaru
Trog
Xom

Shops:
D:4 [

Annotations:
D:7 PooFace's ghost, experienced TrBe


Innate Abilities, Weirdness & Mutations

You reflexively headbutt those who attack you in melee.
You have a pair of horns on your head.


Message History

You closely miss PooFace's ghost.
PooFace's ghost is moderately damaged.
You slash PooFace's ghost! You headbutt PooFace's ghost!!
PooFace's ghost is severely damaged.
PooFace's ghost hits you!
* * * LOW HITPOINT WARNING * * *
Your chain mail prevents you from hitting PooFace's ghost.
PooFace's ghost is severely damaged.
You closely miss PooFace's ghost.
PooFace's ghost is severely damaged.
You hit PooFace's ghost.
PooFace's ghost is severely damaged.
PooFace's ghost hits you!!
* * * LOW HITPOINT WARNING * * *
You hit PooFace's ghost but do no damage.
PooFace's ghost is severely damaged.
You slash PooFace's ghost! Your headbutt misses PooFace's ghost.
PooFace's ghost is almost destroyed.
PooFace's ghost hits you!
You die...

# #.# #. #.#
###.##.############
..................#
#......####.###.# ...#...##
#.# #.# ##.## #.###.# #.#
#.##..# #@# #.##..# ##. ##W##
#.##..# .. ##...## #.....# #.
##.....## ####.## ##.###
##.......## ##.##
##....###.........####...#####
#.......'.........+...)..(.>..
##...(###.....<...####...#.###
##..## ##.......## ##.##.#


You could see PooFace's ghost.

Vanquished Creatures
  An ice beast (D:5)
  2 ogres (D:4)
  A centaur (D:6)
  7 wights (D:6)
  2 hounds (D:6)
  4 worker ants
  4 adders
  An adder skeleton (D:7)
  15 orcs
  A ball python (D:4)
  5 bats
  2 giant cockroaches (D:4)
  4 goblins
  11 hobgoblins
  6 jackals (D:4)
  12 kobolds
  5 giant geckos
  A jackal skeleton (D:5)
  5 rats
89 creatures vanquished.

Notes
Turn   | Place    | Note
--------------------------------------------------------------
     0 | D:1      | patman the Minotaur Berserker began the quest for the Orb.
     0 | D:1      | Reached XP level 1. HP: 19/19 MP: 0/0
    39 | D:1      | Reached skill level 4 in Axes
    55 | D:1      | Reached XP level 2. HP: 21/26 MP: 1/1
   122 | D:2      | Reached skill level 5 in Axes
   146 | D:1      | Reached XP level 3. HP: 19/31 MP: 2/2
   292 | D:2      | Found a bloodstained altar of Trog.
   370 | D:2      | Acquired Trog's second power
   441 | D:4      | Noticed an ogre
   447 | D:4      | Killed an ogre
   447 | D:4      | Reached skill level 6 in Axes
   447 | D:4      | Reached XP level 4. HP: 22/39 MP: 3/3
   447 | D:4      | Reached XP level 5. HP: 25/45 MP: 4/4
   506 | D:4      | Reached skill level 7 in Axes
   894 | D:4      | Found a shimmering altar of Xom.
   996 | D:4      | Noticed an ogre
  1003 | D:4      | Killed an ogre
  1003 | D:4      | Reached skill level 8 in Axes
  1003 | D:4      | Reached XP level 6. HP: 51/51 MP: 5/5
  1140 | D:4      | Found Emum's Armour Emporium.
  1298 | D:5      | Entered Level 5 of the Dungeon
  1522 | D:5      | Found an iron altar of Okawaru.
  1544 | D:5      | Reached skill level 9 in Axes
  1683 | D:6      | Reached XP level 7. HP: 30/57 MP: 6/6
  1736 | D:6      | Reached skill level 10 in Axes
  1798 | D:6      | Found a staircase to the Ecumenical Temple.
  1876 | D:6      | HP: 2/57 [centaur/arrow (3)]
  1882 | D:6      | Reached skill level 11 in Axes
  1999 | D:7      | Noticed PooFace's ghost (experienced TrBe)
  2011 | D:7      | HP: 3/85 [PooFace's ghost (20)]
  2013 | D:7      | Mangled by PooFace's ghost

Vault maps used:
D:1:      dpeg_arrival_rhombus, grunt_decor_fettered, minmay_misc_feat_rows,
          minivault_24, grunt_decor_resistance, grunt_decor_one_mirror,
          minmay_cut_off
D:2:      first_bread, trog_book
D:3:      nicolae_overflow_hidden_temple
D:4:      kennysheep_mini, corexii_hall_statues_s, kennysheep_small_square
D:5:      okawaru_ov_weapons_minmay
D:6:      minmay_temple_entry_grid
D:7:      overflow_temple_1_default, uniq_crazy_yiuf_cottage

Action                   |  1- 3 |  4- 6 |  7- 9 || total
-------------------------+-------+-------+-------++-------
Melee: Hand axe          |    47 |   116 |    63 ||   226
Invok: Berserk           |     1 |     2 |     1 ||     4
       Burn Spellbooks   |     1 |       |       ||     1
  Use: Scroll            |     4 |       |     1 ||     5
       Potion            |       |       |     1 ||     1
  Eat: Chunk             |       |     3 |       ||     3
       Pizza             |       |     1 |       ||     1
       Bread ration      |       |       |     1 ||     1
